 Dungeon Crawl Stone Soup version 0.28.0 (webtiles) character file.

Game seed: 4811144501924797751

2979 browni3141 the Covert (level 10, -9/56 HPs)
             Began as a Kobold Warper on Feb 9, 2022.
             Was a Follower of Wu Jian.
             Mangled by a hornet (13 damage)
             ... on level 7 of the Dungeon.
             The game lasted 00:23:40 (11079 turns).

browni3141 the Covert (Kobold Warper)              Turns: 11079, Time: 00:23:41

Health: -9/56      AC: 10    Str: 12    XL:     10   Next: 9%
Magic:  14/14      EV: 13    Int: 14    God:    Wu Jian [*.....]
Gold:   239        SH:  0    Dex: 16    Spells: 7/15 levels left

rFire   . . .      SeeInvis .   x - +2 dagger (venom)
rCold   + . .      Faith    .   (no shield)
rNeg    + . .      Spirit   .   t - +2 scale mail {rC+}
rPois   .          Reflect  .   (no helmet)
rElec   .          Harm     .   (no cloak)
rCorr   .          Rampage  .   G - +0 pair of gloves
Will    .....                   (no boots)
Stlth   ++++......              (no amulet)
HPRegen 0.18/turn               w - ring of positive energy
MPRegen 0.14/turn               (no ring)

@: slowed, very slow
A: small, no large weapons, nightstalker 3
a: Renounce Religion


You were on level 7 of the Dungeon.
You worshipped Wu Jian.
Wu Jian was aware of your devotion.
You visited 2 branches of the dungeon, and saw 8 of its levels.
You also visited: Sewer.

You collected 327 gold pieces.
You spent 88 gold pieces at shops.

Inventory:

Hand Weapons
 a - a +3 short sword
 b - a +0 hunting sling
 x - a +2 dagger of venom (weapon)
 B - a +1 dagger of holy wrath
Missiles
 d - 5 boomerangs of dispersal
 j - 10 poisoned darts (quivered)
 n - 73 sling bullets
 s - 3 boomerangs
Armour
 h - a +0 leather armour
 i - a +0 scale mail of cold resistance
 t - a +2 scale mail of cold resistance (worn)
 G - a +0 pair of gloves (worn)
Jewellery
 w - a ring of positive energy (left hand)
 y - a ring of ice
Wands
 k - a wand of acid (4)
 o - a wand of charming (1)
 u - a wand of flame (12)
 v - a wand of digging (4)
Scrolls
 c - a scroll of blinking
 g - 4 scrolls of fog
 m - 2 scrolls of immolation
 r - 10 scrolls of teleportation
 C - a scroll of enchant weapon
 D - a scroll of magic mapping
 E - a scroll of amnesia
Potions
 e - 3 potions of haste
 f - 2 potions of magic {unknown}
 p - 4 potions of heal wounds
 q - a potion of cancellation {unknown}
 z - a potion of flight {unknown}
 F - a potion of invisibility {unknown}
 H - a potion of resistance {unknown}


   Skills:
 - Level 4.0 Fighting
 - Level 6.0 Short Blades
 - Level 1.1 Throwing
 - Level 4.0 Armour
 - Level 6.0 Dodging
 * Level 10.8 Stealth
 - Level 3.0 Spellcasting
 - Level 4.0 Translocations
 - Level 7.0 Evocations


You had 7 spell levels left.
You knew the following spells:

 Your Spells              Type           Power      Damage    Failure   Level
a - Blink                 Tloc           26%        N/A       28%         2
b - Teleport Other        Tloc           13%        N/A       50%         3
c - Lesser Beckoning      Tloc           13%        N/A       50%         3

Your spell library contained the following spells:

 Spells                   Type           Power      Damage    Failure   Level
 Gell's Gravitas          Tloc           13%        N/A       50%         3
 Manifold Assault         Tloc           13%        N/A       99%         5
 Fireball                 Conj/Fire      1%         3d3       100%        5
 Iskenderun's Battlesphe  Conj           2%         2d6       100%        5
 Conjure Ball Lightning   Conj/Air       1%         3x3d6     100%        6
 Orb of Destruction       Conj           1%         9d5       100%        7


Dungeon Overview and Level Annotations

Branches:
Dungeon (7/15)             Temple (1/1) D:6           Sewer (visited)

Altars:
Ashenzari
Cheibriados
Dithmenos
Fedhas
Gozag
Hepliaklqana
Kikubaaqudgha
Makhleb
Nemelex Xobeh
Okawaru
Qazlal
Ru
Sif Muna
Trog
Uskayaw
Vehumet
Wu Jian
Xom
Yredelemnul
Zin
The Shining One

Shops:
D:3 !

Annotations:
D:3 exclusion: downstairs


Innate Abilities, Weirdness & Mutations

You are small and have problems with some larger weapons.
You are completely attuned to the shadows.


Message History

The Council accepts your kill.
Things that are here:
a +0 whip; a kobold corpse A hornet comes into view.
A hornet is nearby!
A hornet is nearby!
Items here: ))) †.
You lunge at the hornet.
You barely miss the hornet.
The hornet buzzes angrily.
The hornet stings you!
You are poisoned.
You suddenly lose the ability to move!
The hornet stings you!
You feel yourself slow down.
You feel yourself speed up.
You feel sick. The hornet stings you!
You feel yourself slow down.
You can move again.
Unknown command.
You hit the hornet.
The hornet is poisoned.
The hornet is lightly wounded.
You feel yourself speed up.
You feel sick. The hornet stings you!
* * * LOW HITPOINT WARNING * * *
You are lethally poisoned!
You feel yourself slow down. The hornet stings you!
* * * LOW HITPOINT WARNING * * *
You feel as though you will be slow longer.
You feel better. The hornet stings you.
* * * LOW HITPOINT WARNING * * *
You are poisoned.
You feel as though you will be slow longer.
The hornet stings you.
* * * LOW HITPOINT WARNING * * *
You are more poisoned.
You feel as though you will be slow longer.
Unknown command.
You feel better. The hornet stings you.
* * * LOW HITPOINT WARNING * * *
You feel as though you will be slow longer.
The hornet stings you!
You die...

. . . . #### .... .
......#.#........ .
................ ...
.##y#.#.#......# #..
....@.#........# #..
.....))........# #..
.....))...##..#####..
##........##.....##..
#........##.....##.[
#........##.....##..
........##.........
#.#...##.. #.#...##..


You could see a hornet (poisoned).

Vanquished Creatures
  A kobold demonologist (D:5)
  A shadow (D:6)
  2 water moccasins
  An ice beast (D:6)
  3 black bears
  A necrophage (D:6)
  2 sky beasts (D:6)
  3 ogres
  A phantom (D:6)
  A kobold brigand (D:7)
  A bullfrog (D:6)
  2 scorpions
  2 wights (D:5)
  A bullfrog zombie (D:5)
  3 electric eels (D:3)
  2 centaur skeletons (D:5)
  5 hounds
  An orc priest (D:7)
  A bullfrog skeleton (D:6)
  A centaur zombie (D:6)
  A gnoll shaman (D:5)
  A jelly (D:6)
  Jessica (D:3)
  Ijyb (D:3)
  Terence (D:3)
  4 orc wizards
  A killer bee zombie (D:5)
  A hound skeleton (D:4)
  7 gnolls
  4 adders
  2 howler monkey skeletons (D:6)
  A river rat (D:4)
  A shadow imp (D:5)
  3 white imps
  A worm (D:4)
  3 dart slugs
  13 orcs
  7 endoplasms
  5 giant cockroaches
  5 hobgoblins
  15 jackals
  8 kobolds
  5 quokkas
  12 ball pythons
  10 bats
  11 frilled lizards
  12 goblins
  7 rats
178 creatures vanquished.

Vanquished Creatures (collateral kills)
  A wight (D:5)
1 creature vanquished.

Vanquished Creatures (others)
  An orc (D:6)
  4 plants
5 creatures vanquished.

Grand Total: 184 creatures vanquished

Notes
Turn   | Place    | Note
-------+----------+-------------------------------------------
     0 | D:1      | browni3141 the Kobold Warper began the quest for the Orb.
     0 | D:1      | Reached XP level 1. HP: 12/12 MP: 3/3
   159 | D:1      | Reached XP level 2. HP: 16/17 MP: 5/5
   175 | D:1      | Learned a level 2 spell: Blink
   285 | D:1      | Found a faded altar of an unknown god.
   488 | D:1      | Reached XP level 3. HP: 21/21 MP: 6/6
  1249 | D:2      | Learned a level 3 spell: Teleport Other
  1627 | D:2      | Reached XP level 4. HP: 26/26 MP: 7/7
  2144 | D:3      | Found Efaruwuf's Distillery.
  2149 | D:3      | Bought a potion of curing for 33 gold pieces
  2149 | D:3      | Bought a potion of heal wounds for 55 gold pieces
  2151 | D:3      | Noticed Jessica
  2254 | D:3      | Reached skill level 1 in Evocations
  2327 | D:3      | Reached XP level 5. HP: 21/30 MP: 9/9
  2331 | D:3      | Learned a level 3 spell: Lesser Beckoning
  2470 | D:3      | Found a transporter.
  3112 | D:3      | Noticed Terence
  3146 | D:3      | Killed Terence
  3330 | D:3      | Noticed Ijyb
  3371 | D:3      | Killed Ijyb
  3372 | D:3      | Reached XP level 6. HP: 14/35 MP: 10/10
  3761 | D:3      | Found a transporter.
  4392 | D:3      | Reached skill level 5 in Evocations
  4603 | D:3      | Killed Jessica
  4768 | D:4      | Noticed an ogre
  4781 | D:4      | Reached XP level 7. HP: 33/40 MP: 11/11
  5018 | D:4      | Found a glowing drain.
  5042 | Sewer    | Entered a sewer
  5140 | Sewer    | Noticed a water moccasin
  5143 | Sewer    | Killed a water moccasin
  5144 | Sewer    | Reached skill level 1 in Armour
  6416 | D:4      | Reached XP level 8. HP: 44/44 MP: 12/12
  6617 | D:5      | Entered Level 5 of the Dungeon
  6911 | D:5      | Reached skill level 1 in Stealth
  6926 | D:5      | Reached skill level 2 in Stealth
  7011 | D:5      | Noticed a kobold demonologist
  7018 | D:5      | Killed a kobold demonologist
  7019 | D:5      | Reached skill level 4 in Stealth
  7315 | D:5      | Reached skill level 5 in Short Blades
  7875 | D:5      | Reached XP level 9. HP: 52/52 MP: 13/13
  8481 | D:6      | Reached skill level 5 in Dodging
  8837 | D:6      | Reached skill level 5 in Stealth
  9022 | D:6      | Found a staircase to the Ecumenical Temple.
  9529 | Temple   | Entered the Ecumenical Temple
  9830 | Temple   | Became a worshipper of the Wu Jian Council
 10095 | D:6      | Reached skill level 6 in Stealth
 10102 | D:6      | Reached skill level 7 in Stealth
 10114 | D:6      | Reached skill level 8 in Stealth
 10218 | D:6      | Reached skill level 9 in Stealth
 10437 | D:6      | Reached skill level 10 in Stealth
 10437 | D:6      | Reached XP level 10. HP: 54/56 MP: 14/14
 10967 | D:7      | Reached * piety under Wu Jian
 11075 | D:7      | Paralysed by a hornet for 2 turns
 11079 | D:7      | Mangled by a hornet

Illustrated notes

Levels and vault maps discovered:
D:1:      ncdulo_halloftheorcs, layout_rooms,
          ebering_ecumenical_altar_petrified, minmay_lizard_king
D:2:      layout_rooms, minmay_tromino_v4_b
D:3:      gammafunk_steamed_eel, layout_basic, serial_shops,
          nicolae_shop_hallway_plus, uniq_terence, uniq_ijyb, uniq_jessica
D:4:      layout_loops_ring, portal_sewer_entry_e, corexii_shack
D:5:      layout_loops_ring
D:6:      minmay_chambers_of_threes, layout_basic, minmay_temple_entry_grid
D:7:      layout_basic, nicolae_stop_n_shop_1, nicolae_benzene_ring, uniq_pikel,
          uniq_maggie
Temple:   mainiacjoe_temple_hex_bubbles

Skill      XL: |  1  2  3  4  5  6  7  8  9 |
---------------+----------------------------+-----
Short Blades   | 3 4 6 |  6.0
Translocations | 4 |  4.0
Spellcasting   | 3 |  3.0
Evocations     | 1 4 6 7 |  7.0
Armour         | 3 4 |  4.0
Stealth        | 4 10 | 10.8
Fighting       | 4 |  4.0
Dodging        | 6 |  6.0
Throwing       | |  1.1

Action                   |  1- 3 |  4- 6 |  7- 9 | 10-12 || total
-------------------------+-------+-------+-------+-------++-------
Melee: Short sword       |   133 |   203 |   136 |       ||   472
       Punch             |     2 |     2 |     6 |     1 ||    11
       Dagger            |       |       |   284 |    39 ||   323
 Fire: Hunting sling     |       |       |    13 |       ||    13
Throw: Dart              |       |    20 |     5 |       ||    25
Invok: Lunge             |       |       |     8 |     6 ||    14
       Whirlwind         |       |       |       |     5 ||     5
Evoke: Wand              |       |     6 |    14 |       ||    20
  Use: Potion            |       |     1 |       |     2 ||     3
       Scroll            |       |       |       |     7 ||     7
 Stab: Sleeping          |    10 |     7 |     5 |       ||    22
       Distracted        |       |       |     2 |       ||     2
Armor: Leather armour    |    18 |    19 |       |       ||    37
       Scale mail        |     2 |    10 |   187 |    13 ||   212
Dodge: Dodged            |    87 |   119 |   243 |    16 ||   465
